 Dungeon Crawl Stone Soup version 0.30-a0-1157-g2cc9ac7196 (webtiles) character file.

Game seed: 9265849198122082314

154 Ahpoh the Slasher (level 5, 0/33 HPs)
             Began as a Gargoyle Berserker on Apr 24, 2023.
             Was a Believer of Trog.
             Slain by Darkkill's ghost (6 damage)
             ... on level 4 of the Dungeon.
             The game lasted 00:10:20 (2520 turns).

Ahpoh the Slasher (Gargoyle Berserker)              Turns: 2520, Time: 00:10:21

Health: 0/33       AC: 13    Str: 20    XL:     5   Next: 35%
Magic:  5/5        EV:  8    Int:  8    God:    Trog [**....]
Gold:   275        SH:  0    Dex: 11    Spells: 4/4 levels left

rFire   . . .        b - +0 long sword
rCold   . . .        (no shield)
rNeg    + . .        l - +0 chain mail
rPois   ∞            (no helmet)
rElec   +            (no cloak)
rCorr   .            (no gloves)
SInv    .            (no boots)
Will    ++...        (no amulet) Stlth
                     (no ring)
HPRegen 1.25/turn    (no ring)
MPRegen 0.09/turn

%: no passive effects
@: strong-willed (expiring), on berserk cooldown, regenerating (expiring),
invisible
A: sickness immunity, AC +4, negative energy resistance 1, electricity
resistance, torment resistance 1, petrification resistance
a: Renounce Religion, Berserk, Trog's Hand


You were on level 4 of the Dungeon.
You worshipped Trog.
Trog was pleased with you.
You visited 1 branch of the dungeon, and saw 4 of its levels.

You collected 275 gold pieces.

Inventory:

Hand Weapons
 b - a +0 long sword (weapon)
Missiles
 d - 5 curare-tipped darts (quivered)
 n - 2 poisoned darts
Armour
 l - a +0 chain mail (worn)
Scrolls
 g - 4 scrolls of noise {unknown}
 j - a scroll of teleportation {unknown}
 m - a scroll of fog {unknown}
 o - a scroll of amnesia {unknown}
 p - a scroll of blinking {unknown}
Potions
 a - a potion of ambrosia
 c - a potion of brilliance
 e - a potion of haste {unknown}
 f - a potion of mutation {unknown}
 h - a potion of heal wounds {unknown}
 i - 3 potions of curing
 k - a potion of might {unknown}
 q - a potion of lignification {unknown}
 r - a potion of invisibility


   Skills:
 + Level 4.0 Fighting
 + Level 4.3 Long Blades
 + Level 2.8 Armour
 + Level 2.3 Dodging


You had 4 spell levels left.
You didn't know any spells.
Your spell library contained the following spells:

 Spells                   Type           Power      Damage    Failure   Level
 Foxfire                  Conj/Fire      0%         2x1d4     98%         1
 Fireball                 Conj/Fire      0%         3d3       100%        5
 Plasma Beam              Fire/Air       0%         2x1d11    100%        6
 Starburst                Conj/Fire      0%         6d3       100%        6


Dungeon Overview and Level Annotations

Branches:
Dungeon (4/15)             Temple (0/1) D:4

Altars:

Annotations:
D:4 Darkkill's ghost, amateur MiHu


Innate Abilities, Weirdness & Mutations

You are immune to sickness and miasma.
Your stone body is resilient. (AC +4)
You are immune to poison.
You resist negative energy. (rN+)
You are resistant to electric shocks. (rElec)
You are resistant to unholy torment.
You are immune to petrification.


Message History

You fade into invisibility!
Darkkill's ghost hits you but does no damage.
The ball python bites you.
* * * LOW HITPOINT WARNING * * *
The ball python constricts you. Darkkill's ghost hits you.
* * * LOW HITPOINT WARNING * * *
The ball python barely misses you. The ball python constricts you.
You escape the ball python's grasp.
Darkkill's ghost hits you but does no damage.
Darkkill's ghost says, "Do you have an apple?
I have a shot I want to try."
Darkkill's ghost barely misses you.
Darkkill's ghost shouts, "You must not fail where I succeeded!"
Darkkill's ghost hits you but does no damage.
You closely miss Darkkill's ghost.
Darkkill's ghost is moderately damaged.
Darkkill's ghost whispers, "They're coming for you..."
Darkkill's ghost barely misses you. x2
Okay, then.
Your skin crawls.
You feel strong-willed. Darkkill's ghost closely misses you.
Darkkill's ghost hits you but does no damage.
You closely miss Darkkill's ghost. You punch Darkkill's ghost.
Darkkill's ghost is heavily damaged.
You feel yourself speed up. Darkkill's ghost barely misses you.
You catch the helpless Darkkill's ghost completely off-guard!
You hit Darkkill's ghost.
Darkkill's ghost is heavily damaged.
Darkkill's ghost hits you but does no damage.
Darkkill's ghost hits you!
* * * LOW HITPOINT WARNING * * *
You closely miss Darkkill's ghost.
Darkkill's ghost is heavily damaged.
You feel the effects of Trog's Hand fading.
Darkkill's ghost hits you but does no damage.
You barely miss Darkkill's ghost.
Darkkill's ghost is heavily damaged.
Darkkill's ghost hits you.
You die...

##.#># ###.#.### #.#.#.#
##.#..).~## #.#.#'#.##.....#.#
####+### #.....###~~#~⌠~~#
.......# ##+......#.~....~#
.......# #.#.....#####''###
.......# ##.......#.......#.
####'#.## #.#.#+#.#S#.S.....#
.....#..# ##.#.#@#.#.#...#.#.#
##.####'###.#.#.#W#.#.#.#.#.#.#
#.##.....#..#.#.#.#.#.#.#.#.#.
#.##.#+#.#.############)#..##
#..+.#>#.'.# .# ..#
####.###.### .. ... #.....#
###+###


You could see Darkkill's ghost (unable to see you).

Vanquished Creatures
  2 adders
  4 gnolls (D:2)
  An ufetubus (D:3)
  3 worms
  3 dart slugs
  4 orcs (D:3)
  5 endoplasms
  A giant cockroach (D:2)
  12 goblins
  6 hobgoblins
  6 quokkas
  2 ball pythons
  4 bats (D:1)
  9 kobolds
  8 rats
70 creatures vanquished.

Notes
Turn   | Place    | Note
-------+----------+-------------------------------------------
     0 | D:1      | Ahpoh the Gargoyle Berserker began the quest for the Orb.
     0 | D:1      | Reached XP level 1. HP: 14/14 MP: 1/1
   321 | D:1      | Reached XP level 2. HP: 14/19 MP: 2/2
   558 | D:1      | Reached XP level 3. HP: 24/24 MP: 3/3
  1199 | D:2      | Reached XP level 4. HP: 29/29 MP: 4/4
  1273 | D:2      | Found a faded altar of an unknown god.
  1280 | D:2      | Reached ** piety under Trog
  1754 | D:3      | Reached XP level 5. HP: 33/33 MP: 5/5
  2461 | D:4      | Found a staircase to the Ecumenical Temple.
  2478 | D:4      | Found a large runed translucent door.
  2478 | D:4      | Found a large runed translucent door.
  2478 | D:4      | Noticed Darkkill's ghost (amateur MiHu)
  2520 | D:4      | Slain by Darkkill's ghost

Illustrated notes

Levels and vault maps discovered:
D:1:      lightli_iron_boxes, layout_basic
D:2:      layout_rooms, basic_ecumenical_altar, chequers_serial_rivers_small_a
D:3:      kennysheep_the_goblin_king, layout_loops_ring
D:4:      layout_basic, tso_metal_star, minmay_temple_entry_glassed_door,
          ebering_ghost_disaster_area

Skill      XL: |  1  2  3  4 |
---------------+-------------+-----
Long Blades    | 3 4 |  4.3
Dodging        | 2 |  2.3
Fighting       | 4 |  4.0
Armour         | |  2.8

Action                     |  1- 3 |  4- 6 || total
---------------------------+-------+-------++-------
  Melee: Falchion          |   116 |    19 ||   135
         Punch             |     2 |     3 ||     5
         Long sword        |       |   110 ||   110
 Invoke: Berserk           |     3 |     3 ||     6
         Trog's Hand       |       |     2 ||     2
    Use: Potion            |       |     5 ||     5
   Stab: Invisible         |       |     1 ||     1
 Armour: Animal skin       |    37 |       ||    37
         Chain mail        |       |    84 ||    84
  Dodge: Dodged            |    76 |    47 ||   123

Table legend: (Time is in decaauts)
 A = Elapsed time spent in this place.
 B = Non-inter-level travel time spent in this place.
 C = Inter-level travel time spent in this place.
 D = Time resting spent in this place.
 E = Time spent auto-exploring this place.
 F = Levels seen in this place.
 G = Mean time per level.
                   A        B        C        D        E       F      G
               +--------+--------+--------+--------+--------+-----+--------+
         Total |   2611 |   2602 |      9 |    232 |   1329 |   4 |  652.8 |
       Dungeon |   2611 |   2602 |      9 |    232 |   1329 |   4 |  652.8 |
               +--------+--------+--------+--------+--------+-----+--------+

Top non-repeatable levels by time:
     D:1: 1089 daAuts
     D:3: 694 daAuts
     D:2: 654 daAuts
     D:4: 173 daAuts
